 Dungeon Crawl Stone Soup version 0.28-a0-1450-gb131497 (webtiles) character file.

Game seed: 12608613762778123363

557 Dorkslayer the Chopper (level 7, -1/61 HPs)
             Began as a Hill Orc Fighter on Jan 10, 2022.
             Slain by a killer bee (2 damage)
             ... on level 4 of the Dungeon.
             The game lasted 00:08:47 (3639 turns).

Dorkslayer the Chopper (Hill Orc Fighter)           Turns: 3639, Time: 00:08:48

Health: -1/61      AC: 17    Str: 19    XL:     7   Next: 30%
Magic:  7/7        EV:  5    Int: 10    God:
Gold:   38         SH:  4    Dex: 10    Spells: 6/6 levels left

rFire   . . .      SeeInvis .   a - +1 war axe
rCold   . . .      Faith    .   c - +0 buckler
rNeg    . . .      Spirit   .   h - +0 plate armour
rPois   .          Reflect  .   (no helmet)
rElec   .          Harm     .   d - +0 cloak
rCorr   .          Rampage  .   (no gloves)
Will    .....                   (no boots)
Stlth   ..........              (no amulet)
HPRegen 0.20/turn               f - +4 ring of protection
MPRegen 0.10/turn               (no ring)

@: lethally poisoned (-1 -> -9)
A: clever 1, screaming 1, weak 1
a: no special abilities


You were on level 4 of the Dungeon.
You visited 1 branch of the dungeon, and saw 4 of its levels.

You collected 122 gold pieces.
You spent 84 gold pieces at shops.

Inventory:

Hand Weapons
 a - a +1 war axe (weapon)
Missiles
 g - a throwing net
 i - 7 poisoned darts (quivered)
Armour
 c - a +0 buckler (worn)
 d - a +0 cloak (worn)
 h - a +0 plate armour (worn)
Jewellery
 f - a +4 ring of protection (left hand)
 n - a ring of see invisible
Potions
 e - a potion of lignification


   Skills:
 + Level 5.5 Fighting
 + Level 6.7 Axes
 + Level 0.5 Throwing
 + Level 4.9 Armour
 + Level 0.8 Dodging
 + Level 0.5 Stealth
 + Level 4.3 Shields


You had 6 spell levels left.
You didn't know any spells.
Your spell library contained the following spells:

 Spells                   Type           Power      Damage    Failure   Level
 Magic Dart               Conj           0%         1d3       100%        1
 Searing Ray              Conj           0%         2d4       100%        2
 Fulminant Prism          Conj/Hex       0%         3d6       100%        4
 Chain Lightning          Conj/Air       0%         N/A       100%        9
 Fire Storm               Conj/Fire      0%         5d1       100%        9
 Shatter                  Erth           0%         3d5*      100%        9


Dungeon Overview and Level Annotations

Branches:
Dungeon (4/15)
 Temple: D:4-7

Altars:
Okawaru
Zin

Shops:
D:3 *


Innate Abilities, Weirdness & Mutations

Your mind is acute. (Int +2)
You occasionally shout uncontrollably at your foes.
You are weak. (Str -2)


Message History

You feel very sick. The killer bee barely misses you.
The killer bee stings you.
You are lethally poisoned!
The killer bee poisons you!
The killer bee stings you but does no damage. x2
Unknown command.
You closely miss the killer bee.
The killer bee is severely wounded.
You barely miss the killer bee.
* * * LOW HITPOINT WARNING * * *
You feel very sick. You block the killer bee's attack.
The killer bee stings you.
* * * LOW HITPOINT WARNING * * *
The killer bee stings you but does no damage.
The killer bee barely misses you.
You miss the killer bee.
The killer bee is severely wounded.
You miss the killer bee.
* * * LOW HITPOINT WARNING * * *
You feel very sick. The killer bee completely misses you.
The killer bee stings you but does no damage.
The killer bee completely misses you.
The killer bee stings you but does no damage.
You block the killer bee's attack. x2
You barely miss the killer bee.
The killer bee is severely wounded.
You hit the killer bee.
You kill the killer bee!
* * * LOW HITPOINT WARNING * * *
You feel very sick. The killer bee stings you.
* * * LOW HITPOINT WARNING * * *
You block the killer bee's attack.
You hit the killer bee but do no damage.
The killer bee is severely wounded.
* * * LOW HITPOINT WARNING * * *
You feel very sick. The killer bee barely misses you.
The killer bee stings you.
You die...

###....###
######
#####
#.... ....
..# ####.#
#.y†.##.#
#.@†....#
#########


You could see a killer bee.

Vanquished Creatures
  Eustachio (D:4)
  A phantom (D:4)
  2 killer bees (D:4)
  2 hounds
  Crazy Yiuf (D:2)
  An orc wizard (D:3)
  5 adders
  3 gnolls (D:3)
  An adder skeleton (D:4)
  A dart slug (D:1)
  5 orcs (D:3)
  A ball python (D:1)
  6 bats
  4 endoplasms
  2 giant cockroaches (D:2)
  7 goblins
  8 hobgoblins
  2 jackals (D:3)
  4 quokkas
  A frilled lizard (D:1)
  4 kobolds
  6 rats
68 creatures vanquished.

Vanquished Creatures (others)
  A fungus (D:2)
1 creature vanquished.

Grand Total: 69 creatures vanquished

Notes
Turn   | Place    | Note
-------+----------+-------------------------------------------
     0 | D:1      | Dorkslayer the Hill Orc Fighter began the quest for the
                  | Orb.
     0 | D:1      | Reached XP level 1. HP: 19/19 MP: 1/1
   159 | D:1      | Reached XP level 2. HP: 27/27 MP: 2/2
   552 | D:1      | Reached XP level 3. HP: 33/33 MP: 3/3
   871 | D:2      | Reached skill level 3 in Axes
   897 | D:2      | Found a runed translucent door.
   898 | D:2      | Noticed Crazy Yiuf
   931 | D:2      | Found a faded altar of an unknown god.
  1142 | D:2      | Reached XP level 4. HP: 37/40 MP: 4/4
  2115 | D:2      | Reached skill level 4 in Axes
  2216 | D:2      | Killed Crazy Yiuf
  2499 | D:3      | Reached XP level 5. HP: 41/47 MP: 5/5
  2511 | D:3      | Found an iron altar of Okawaru.
  2511 | D:3      | Found a glowing silver altar of Zin.
  2858 | D:3      | Found Hoonus's Assorted Antiques.
  2866 | D:3      | Bought a scroll labelled UGUNEW POFA for 29 gold pieces
  2866 | D:3      | Bought a scroll labelled DAINOR JUUNG for 29 gold pieces
  3312 | D:3      | Reached XP level 6. HP: 50/55 MP: 6/6
  3517 | D:3      | Bought a coppery potion for 26 gold pieces
  3541 | D:4      | Reached skill level 5 in Axes
  3546 | D:4      | Noticed Eustachio
  3552 | D:4      | Reached skill level 5 in Fighting
  3589 | D:4      | Killed Eustachio
  3590 | D:4      | Reached skill level 6 in Axes
  3590 | D:4      | Reached XP level 7. HP: 50/61 MP: 7/7
  3633 | D:4      | Gained mutation: You occasionally shout uncontrollably at
                  | your foes. [potion of mutation]
  3633 | D:4      | Gained mutation: You are weak. (Str -2) [potion of
                  | mutation]
  3633 | D:4      | Gained mutation: Your mind is acute. (Int +2) [potion of
                  | mutation]
  3639 | D:4      | HP: 1/61 [poisoned by a killer bee]
  3639 | D:4      | Slain by a killer bee

Illustrated notes

Levels and vault maps discovered:
D:1:      dpeg_chamrin_arrival_tetris, layout_loops_ring
D:2:      layout_basic, ebering_ecumenical_altar_sacrificial,
          uniq_crazy_yiuf_cottage
D:3:      layout_basic, gammafunk_temple_overflow_elements, serial_shops, shop
D:4:      layout_rooms, gup_sewer_entry_bowl, minmay_misc_feat_plants,
          uniq_edmund, uniq_eustachio, uniq_blork_the_orc

Skill      XL: |  1  2  3  4  5  6 |
---------------+-------------------+-----
Fighting       | 4 5 |  5.5
Armour         | 4 |  4.9
Axes           | 3 4 6 |  6.7
Shields        | 4 |  4.3
Throwing       | |  0.5
Dodging        | |  0.8
Stealth        | |  0.5

Action                   |  1- 3 |  4- 6 |  7- 9 || total
-------------------------+-------+-------+-------++-------
Melee: War axe           |    85 |   129 |    11 ||   225
Throw: Dart              |       |     7 |       ||     7
       Throwing net      |       |     1 |       ||     1
  Use: Scroll            |       |     4 |     4 ||     8
       Potion            |       |     1 |     2 ||     3
Armor: Scale mail        |    48 |    24 |       ||    72
       Plate armour      |       |    96 |    33 ||   129
Dodge: Dodged            |    46 |    60 |    17 ||   123
Block: Buckler           |    20 |    18 |     9 ||    47

Table legend: (Time is in decaauts)
 A = Elapsed time spent in this place.
 B = Non-inter-level travel time spent in this place.
 C = Inter-level travel time spent in this place.
 D = Time resting spent in this place.
 E = Time spent auto-exploring this place.
 F = Levels seen in this place.
 G = Mean time per level.
                   A        B        C        D        E       F      G
               +--------+--------+--------+--------+--------+-----+--------+
         Total |   3715 |   3715 |      0 |    206 |   1529 |   4 |  928.8 |
       Dungeon |   3715 |   3715 |      0 |    206 |   1529 |   4 |  928.8 |
               +--------+--------+--------+--------+--------+-----+--------+

Top non-repeatable levels by time:
     D:2: 1823 daAuts
     D:3: 1075 daAuts
     D:1: 703 daAuts
     D:4: 113 daAuts
